 Dungeon Crawl Stone Soup version 0.29.0-13-gc9e81de378 (webtiles) character file.

Game seed: 7709859433813204568

17 apoch the Chopper (level 2, -2/26 HPs)
             Began as a Minotaur Fighter on Sept 9, 2022.
             Slain by Terence
             ... wielding a +3 mace of holy wrath
              (3 damage)
             ... on level 2 of the Dungeon.
             The game lasted 00:00:30 (533 turns).

apoch the Chopper (Minotaur Fighter)                 Turns: 533, Time: 00:00:31

Health: -2/26      AC:  6    Str: 20    XL:     2   Next: 44%
Magic:  1/1        EV:  9    Int:  5    God:
Gold:   40         SH:  4    Dex:  9    Spells: 1/1 levels left

rFire   . . .      SeeInvis .   a - +0 war axe
rCold   . . .      Faith    .   c - +0 buckler
rNeg    . . .      Spirit   .   b - +0 scale mail
rPois   .          Reflect  .   (helmet restricted)
rElec   .          Harm     .   (no cloak)
rCorr   .          Rampage  .   (no gloves)
Will    .....                   (no boots)
Stlth   ..........              (no amulet)
HPRegen 0.08/turn               (no ring)
MPRegen 0.07/turn               (no ring)

@: no status effects
A: horns 2, retaliatory headbutt
a: no special abilities


You were on level 2 of the Dungeon.
You visited 1 branch of the dungeon, and saw 2 of its levels.

You collected 40 gold pieces.

Inventory:

Hand Weapons
 a - a +0 war axe (weapon)
Missiles
 g - 5 javelins (quivered)
Armour
 b - a +0 scale mail (worn)
 c - a +0 buckler (worn)
Scrolls
 h - a scroll of immolation {unknown}
Potions
 d - a potion of might
 e - a potion of haste {unknown}
 f - 2 potions of degeneration {unknown}


   Skills:
 - Level 3.6 Fighting
 + Level 3.8 Axes
 - Level 3.6 Armour
 - Level 3.6 Shields


You had one spell level left.
You didn't know any spells.
Your spell library was empty.

Dungeon Overview and Level Annotations

Branches:
Dungeon (1/15)

Altars:

Annotations:
D:2 Terence


Innate Abilities, Weirdness & Mutations

You have a pair of horns on your head.
You reflexively headbutt those who attack you in melee.


Message History

You block the adder's attack. The adder completely misses you.
You furiously retaliate!
You headbutt the adder. You barely miss the adder.
The adder is moderately wounded.
The adder bites you but does no damage. You block the adder's attack.
You closely miss the adder.
The adder is moderately wounded.
The adder bites you. The adder bites you but does no damage.
You barely miss the adder.
The adder is moderately wounded.
The adder closely misses you. You furiously retaliate!
You headbutt the adder. The adder bites you.
You closely miss the adder.
The adder is almost dead.
The adder bites you but does no damage.
You slash the adder!
You kill the adder!
HP restored.
Things that are here:
a +0 sling; an adder corpse
g - 4 javelins (gained 1)
g - 5 javelins (gained 1)
g - 6 javelins (gained 1) Terence the Incautious comes into view.
He is wielding a +3 mace of holy wrath and carrying a wand of quicksilver (3).
Terence shouts!
You throw a javelin. The javelin barely misses Terence.
You barely miss Terence. Your headbutt misses Terence.
Terence hits you with a +3 mace of holy wrath.
You barely miss Terence. You headbutt Terence.
Terence is lightly wounded.
Terence hits you with a +3 mace of holy wrath. x2
You barely miss Terence.
Terence is lightly wounded.
Terence hits you with a +3 mace of holy wrath.
You slash Terence!
Terence is severely wounded.
Terence hits you with a +3 mace of holy wrath!
* * * LOW HITPOINT WARNING * * *
Terence hits you with a +3 mace of holy wrath.
You die...

.# .# ##. ... #.# #. #.#
#.# ####.####.###.##. #.#
...(.[@@......... #.#
####.###..###### #.# #.
#..###### #.# #. #.......#
#.#
#.####.####.####.######.##
#...........).##..........
#############.#########.##
#...........#
#############


You could see Terence.

Vanquished Creatures
  An adder (D:2)
  2 bats (D:1)
  An endoplasm (D:1)
  A kobold (D:1)
  2 ball pythons (D:1)
  2 frilled lizards (D:1)
9 creatures vanquished.

Notes
Turn   | Place    | Note
-------+----------+-------------------------------------------
     0 | D:1      | apoch the Minotaur Fighter began the quest for the Orb.
     0 | D:1      | Reached XP level 1. HP: 19/19 MP: 0/0
   437 | D:1      | Reached XP level 2. HP: 26/26 MP: 1/1
   456 | D:1      | You fall into a shaft and drop 1 floor!
   526 | D:2      | Noticed Terence
   533 | D:2      | HP: 1/26 [Terence/+3 mace of holy wrath (9)]
   533 | D:2      | Slain by Terence

Illustrated notes

Levels and vault maps discovered:
D:1:      roderic_octagonal_star, layout_basic,
          amcnicky_mini_rare_corridor_liquid, grunt_decor_clamped,
          minmay_misc_feat_more_columns
D:2:      cheibrodos_helix_gallery, layout_loops_ring, nicolae_shop_vocational,
          uniq_terence

Skill      XL: |  1 |
---------------+----+-----
Axes           | 3 |  3.8
Fighting       | |  3.6
Armour         | |  3.6
Shields        | |  3.6

Action                   || total
-------------------------++-------
Melee: War axe           ||    27
       Headbutt          ||     5
Throw: Javelin           ||     5
Armor: Scale mail        ||     9
Dodge: Dodged            ||    12
Block: Buckler           ||     6
